 Dungeon Crawl Stone Soup version 0.24-a0-580-g6a6c3f8 (webtiles) character file.

Game seed: 217240866736256892

107111 CanOfBees the Champion of Chaos (level 15, 0/124 HPs)
             Began as a Demonspawn Gladiator on Aug 21, 2019.
             Was the Champion of Makhleb.
             Slain by a shock serpent (9 damage)
             ... on level 2 of the Snake Pit on Aug 22, 2019.
             The game lasted 01:44:17 (45918 turns).

CanOfBees the Champion of Chaos (DsGl)             Turns: 45918, Time: 01:44:18

Health: 0/124      AC: 21    Str: 19    XL:     15   Next: 99%
Magic:  0/35       EV: 12    Int: 11    God:    Makhleb [******]
Gold:   787        SH: 11    Dex: 15    Spells: 21/22 levels left

rFire    . . .     SeeInvis .     - Unarmed
rCold    . . .     Gourm    .   H - +0 large shield
rNeg     . . .     Faith    +   w - +0 swamp dragon scales
rPois    +         Spirit   +   c - +2 helmet
rElec    .         Reflect  .   j - +2 cloak {MR+}
rCorr    .         Harm     .   (no gloves)
MR       ++...                  (no boots)
Stlth    +.........             g - amulet of faith
HPRegen  0.30/turn              X - +5 ring of protection
MPRegen  0.48/turn              u - ring of magical power

@: no status effects
A: claws 2, powered by pain 3, magic shield, magic regeneration, magic link
a: Minor Destruction, Lesser Servant of Makhleb, Major Destruction, Greater
Servant of Makhleb, Renounce Religion


You were on level 2 of the Snake Pit.
You worshipped Makhleb.
Makhleb was exalted by your worship.
You were not hungry.

You visited 4 branches of the dungeon, and saw 25 of its levels.
You visited 1 bazaar.
You also visited: Ossuary and Gauntlet.

You collected 3506 gold pieces.
You spent 2719 gold pieces at shops.

Inventory:

Hand Weapons
 b - a +4 vampiric whip
Missiles
 e - 613 stones
 n - 13 atropa-tipped darts
 o - a throwing net
 t - 75 poisoned darts
 C - 14 silver javelins
 S - 21 boomerangs (quivered)
 V - 9 datura-tipped darts
Armour
 c - a +2 helmet (worn)
 j - a +2 cloak of magic resistance (worn)
 w - +0 swamp dragon scales (worn)
 H - a +0 large shield (worn)
Jewellery
 g - an amulet of faith (around neck)
 u - a ring of magical power (right claw)
 B - an uncursed ring of protection from fire
 D - an uncursed ring of protection from magic
 X - a +5 ring of protection (left claw)
Wands
 p - a wand of polymorph (8)
 v - a wand of acid (7)
 F - a wand of digging (6)
 G - a wand of clouds (3)
 I - a wand of scattershot (4)
 J - a wand of iceblast (23)
 L - a wand of flame (72)
 P - a wand of disintegration (17)
Scrolls
 a - 2 scrolls of vulnerability
 h - 4 scrolls of magic mapping
 l - 2 scrolls of summoning
 r - 14 scrolls of remove curse
 y - 2 scrolls of fog
 A - a scroll of identify
 E - 5 scrolls of teleportation
 N - 5 scrolls of fear
 U - 2 scrolls of immolation
 Z - a scroll of noise
Potions
 d - 6 potions of agility
 i - 2 potions of haste
 k - 8 potions of cancellation
 m - 3 potions of lignification
 q - a potion of flight
 s - 6 potions of curing
 z - 6 potions of resistance
 M - 2 potions of brilliance
 Q - a potion of magic
 R - a potion of ambrosia
 T - a potion of heal wounds
Miscellaneous
 Y - a lightning rod (4/4)
Comestibles
 f - 29 rations
 x - 2 chunks of flesh


   Skills:
 + Level 13.3 Fighting
   Level 3.6 Axes
 - Level 5.0 Throwing
 + Level 7.5 Armour
 - Level 10.0 Dodging
 * Level 14.5 Unarmed Combat
 - Level 4.0 Spellcasting
 - Level 2.0 Necromancy
 - Level 15.0 Invocations
 - Level 7.0 Evocations


You had 21 spell levels left.
You knew the following spells:

 Your Spells              Type           Power        Failure   Level  Hunger
a - Animate Skeleton      Necr           N/A          99%         1    #......

Your spell library contained the following spells:

 Spells                   Type           Power        Failure   Level  Hunger
 Apportation              Tloc           #.....       100%        1    #......
 Confusing Touch          Hex            #.....       100%        1    #......
 Freeze                   Ice            #...         100%        1    #......
 Summon Small Mammal      Summ           #...         100%        1    #......
 Throw Frost              Conj/Ice       #.....       100%        2    ##.....
 Ozocubu's Armour         Chrm/Ice       #.......     100%        3    ###....
 Static Discharge         Conj/Air       #.......     100%        3    ###....
 Summon Ice Beast         Ice/Summ       #.......     100%        4    #####..
 Summon Lightning Spire   Summ/Air       #.......     100%        4    #####..
 Throw Icicle             Conj/Ice       #.......     100%        4    #####..
 Lightning Bolt           Conj/Air       #.........   100%        5    ######.
 Silence                  Hex/Air        #.........   100%        5    ######.
 Conjure Ball Lightning   Conj/Air       #.........   100%        6    #######
 Deflect Missiles         Chrm/Air       #.........   100%        6    #######
 Poison Arrow             Conj/Pois      #.........   100%        6    #######
 Chain Lightning          Conj/Air       #.........   100%        8    #######
 Ignition                 Fire           #.........   100%        8    #######
 Lehudib's Crystal Spear  Conj/Erth      #.........   100%        8    #######
 Fire Storm               Conj/Fire      #.........   100%        9    #######
 Glaciate                 Conj/Ice       #.........   100%        9    #######
 Shatter                  Erth           #.........   100%        9    #######
 Tornado                  Air            #.........   100%        9    #######


Dungeon Overview and Level Annotations

Branches:
Dungeon (15/15)            Temple (0/1) D:7            Lair (6/6) D:8
 Shoals (0/4) Lair:3        Snake (2/4) Lair:2        Slime (0/5) Lair:5
    Orc (2/2) D:9             Elf (0/3) Orc:2        Vaults (0/5) D:13
 Depths (0/5) D:15        Ossuary (visited)         Gauntlet (visited)

Altars:
Cheibriados
Dithmenos
Elyvilon
Kikubaaqudgha
Makhleb
Okawaru
Ru
Sif Muna
Trog
Zin
The Shining One
Beogh
Jiyva

Shops:
D:5 *   D:12 !   Orc:2 }[(=

Annotations:
Lair:1 3 runed translucent doors, ArcanElement's ghost, journeyman DEWz


Innate Abilities, Weirdness & Mutations

You have very sharp fingernails.
You are powered by pain.
When hurt, damage is shared between your health and your magic reserves.
You regenerate magic rapidly.
When low on magic, you restore magic in place of health.


Message History

The shock serpent shoots out a bolt of lightning at you!
The bolt of electricity hits you!!
* * * LOW HITPOINT WARNING * * *
The shock serpent shoots out a bolt of lightning at you!
The bolt of electricity hits you!
* * * LOW HITPOINT WARNING * * *
Your shield prevents you from hitting the shock serpent.
The shock serpent is heavily wounded.
The shock serpent bites you but does no damage.
You claw the shock serpent!
The shock serpent is severely wounded.
The shock serpent's electric aura discharges, shocking you!
* * * LOW HITPOINT WARNING * * *
The shock serpent shoots out a bolt of lightning at you!
The bolt of electricity hits you.
* * * LOW HITPOINT WARNING * * *
The shock serpent bites you.
* * * LOW HITPOINT WARNING * * *
The shock serpent shocks you!
You die...

.##...###,,,*** *,,,***,,***,,
#..#.#..#*,,*,* **,*,,*,,,**,,
#...#..##***,,* *,,,,*,,,,,,,
#####..# *,,* *,*...,,,,,,,
......## *,** *,....,,,,,,,
....##.# *,.# *#....,,,,,,,
....##.# *#.### ###....,,,,,,,,
...###.## #.#.###......,,,,,,,,
...##...## ##..)@S...#*,,,,,,,,,,
..##.....###...##....#**,,,,,,,,,
..............#*##...# *,,,,,,,,,
.............## #...# **,,,,,,,,
....#........# ##..# *,,,,,,,,
...#.....##..## #..###*,,.,,,,,
.##)..>.###...# #....###..,,,,,
.#.....## ##..# #.........,***,
......## #..## #........#***,,


You could see a shock serpent.

Vanquished Creatures
  A minotaur (Gauntlet)
  Josephine (Lair:5)
  2 fire dragons (Lair:6)
  2 naga warriors
  3 hydras
  3 anacondas (Snake:1)
  3 centaur warriors
  10 two-headed ogres
  A death scarab (Gauntlet)
  3 ogre magi
  A vampire mage (D:15)
  The ghost of chaoswolf the Cleaver, a novice DsBe of Trog (D:8)
  4 shock serpents
  4 naga sharpshooters (Snake:1)
  3 skeletal warriors
  A salamander mystic (Snake:2)
  A spark wasp zombie (D:15)
  2 unseen horrors
  A deep troll (D:15)
  A swamp dragon (Lair:6)
  2 naga ritualists (Snake:1)
  An orc knight (D:14)
  A lindwurm (Lair:6)
  7 ugly things
  3 deep elf magi
  A necromancer (D:15)
  3 mana vipers (Snake:1)
  An orc sorcerer (Orc:1)
  7 slime creatures
  3 manticores
  2 salamanders (Snake:2)
  8 elephants
  2 cyclopes
  A merfolk siren (Lair:3)
  20 black mambas
  Maurice (D:9)
  A frost giant skeleton (D:15)
  4 naga magi
  2 guardian serpents (Snake:1)
  5 centaur skeletons
  3 spiny frogs
  A torpor snail (shapeshifter) (D:15)
  5 torpor snails
  3 gargoyles
  4 rime drakes
  8 komodo dragons
  A kobold demonologist (D:15)
  A yaktaur zombie (D:15)
  5 yaktaurs
  A guardian mummy (D:15)
  3 freezing wraiths (D:12)
  10 trolls
  A jumping spider (Lair:5)
  3 tyrant leeches (Lair:6)
  A polar bear (Lair:6)
  7 hornets
  5 blink frogs (Lair:6)
  An ettin zombie (D:15)
  A harpy skeleton (D:15)
  4 hippogriffs
  6 shadows
  Sigmund (D:5)
  A flying skull (Gauntlet)
  5 wyverns
  5 wraiths
  35 yaks
  3 chaos spawn (Gauntlet)
  A neqoxec (Gauntlet)
  A spectral komodo dragon (Gauntlet)
  9 steam dragons
  A vampire mosquito (D:15)
  Grum (D:8)
  4 basilisks
  A warg (Orc:2)
  7 water moccasins
  2 soldier ants
  4 acid dragons
  14 nagas
  14 porcupines
  Edmund (D:5)
  A swamp drake (Lair:6)
  4 sky beasts
  An eye of draining (D:12)
  15 orc warriors
  3 black bears
  28 ogres
  9 wolves
  A boggart (D:15)
  A phantom (D:8)
  14 centaurs
  12 crocodiles
  5 big kobolds
  2 elf zombies
  12 bullfrogs
  A water moccasin skeleton (D:7)
  4 scorpions
  4 killer bees (D:8)
  7 wights
  4 electric eels
  4 howler monkeys
  A bullfrog zombie (D:5)
  8 crimson imps
  A quasit (D:10)
  3 human zombies (D:5)
  11 jellies
  3 centaur zombies
  13 orc priests
  5 bullfrog skeletons
  6 hounds
  24 orc wizards
  8 iguanas
  An iron imp (D:7)
  Jessica (D:1)
  12 worker ants
  3 big kobold zombies (Ossuary)
  A hound zombie (D:9)
  2 mummies (Ossuary)
  4 gnolls (D:2)
  2 howler monkey skeletons
  10 adders
  4 shadow imps
  6 oozes
  An adder zombie (D:6)
  3 adder skeletons
  2 worms
  3 dart slugs
  6 leopard geckos
  57 orcs
  9 bats
  11 giant cockroaches
  8 goblins
  8 hobgoblins
  13 jackals
  4 quokkas
  3 frilled lizards
  5 goblin skeletons (D:7)
  A goblin zombie (D:7)
  9 hobgoblin zombies
  A jackal zombie (Ossuary)
  32 kobolds
  3 kobold skeletons (D:7)
  11 kobold zombies
  A leopard gecko skeleton (D:7)
  A leopard gecko zombie (D:5)
  4 orc skeletons
  10 orc zombies
  A quokka zombie (D:5)
  12 rats
  3 rat zombies (Ossuary)
  A plant (Lair:6)
791 creatures vanquished.

Vanquished Creatures (collateral kills)
  A hydra (Lair:5)
  2 ogre magi (Orc:2)
  8 two-headed ogres (Orc:2)
  An anaconda (Snake:1)
  An orc high priest (Orc:2)
  A lindwurm (Lair:6)
  A naga ritualist (Snake:1)
  An orc knight (Orc:2)
  A mana viper (Snake:1)
  4 orc warriors (Orc:2)
  A black mamba (Snake:1)
  5 elephants
  2 torpor snails
  A komodo dragon (Lair:6)
  2 rime drakes (Lair:3)
  A troll (Orc:2)
  Grinder (D:5)
  2 hornets (Lair:6)
  A blink frog (Lair:6)
  2 flying skulls (Gauntlet)
  A wraith (Lair:5)
  4 steam dragons (Lair:3)
  A warg (Orc:2)
  A porcupine (D:8)
  10 ogres
  2 killer bees (D:8)
  9 orc priests (Orc:2)
  6 orc wizards
  14 orcs
  A fungus (Lair:3)
88 creatures vanquished.

Vanquished Creatures (others)
  A two-headed ogre (Orc:2)
  A death knight (D:12)
  A centaur skeleton (D:13)
  A rime drake (Lair:6)
  A yaktaur (D:13)
  A vampire (D:15)
  An acid dragon (Lair:6)
  An orc warrior (D:15)
  2 ogres (Orc:2)
  A centaur (D:13)
  A bullfrog (D:13)
  3 howler monkeys (D:13)
  An orc (Orc:1)
  A bush (D:14)
  10 demonic plants (Gauntlet)
  58 fungi
  26 plants
  4 withered plants (D:15)
115 creatures vanquished.

Grand Total: 994 creatures vanquished

Notes
Turn   | Place    | Note
-------+----------+-------------------------------------------
     0 | D:1      | CanOfBees the Demonspawn Gladiator began the quest for the
                  | Orb.
     0 | D:1      | Reached XP level 1. HP: 16/16 MP: 1/1
   401 | D:1      | Gained mutation: You sometimes gain a little power by
                  | taking damage. [demonic ancestry]
   401 | D:1      | Reached XP level 2. HP: 21/22 MP: 2/2
   963 | D:1      | Gained mutation: You have sharp fingernails. [demonic
                  | ancestry]
   963 | D:1      | Reached XP level 3. HP: 28/28 MP: 3/3
  1340 | D:2      | Noticed Jessica
  1351 | D:1      | Killed Jessica
  1423 | D:2      | Reached XP level 4. HP: 34/34 MP: 4/4
  1965 | D:2      | Found a snail-covered altar of Cheibriados.
  2024 | D:2      | Found a burning altar of Makhleb.
  2128 | D:2      | Reached XP level 5. HP: 38/41 MP: 5/5
  2500 | D:2      | Became a worshipper of Makhleb the Destroyer
  3456 | D:3      | Reached skill level 5 in Fighting
  3456 | D:3      | Reached skill level 5 in Throwing
  3456 | D:3      | Reached skill level 5 in Unarmed Combat
  3456 | D:3      | Reached skill level 5 in Invocations
  3456 | D:3      | Gained mutation: When hurt, damage is shared between your
                  | health and your magic reserves. [demonic ancestry]
  3456 | D:3      | Reached XP level 6. HP: 51/51 MP: 5/10
  3536 | D:4      | Found a white marble altar of Elyvilon.
  3706 | D:3      | Reached * piety under Makhleb
  3833 | D:4      | Gained mutation: You sometimes gain power by taking damage.
                  | [demonic ancestry]
  3833 | D:4      | Reached XP level 7. HP: 43/57 MP: 7/11
  4085 | D:4      | Found a shadowy altar of Dithmenos.
  4167 | D:4      | Reached skill level 6 in Invocations
  4187 | D:4      | Reached skill level 1 in Armour
  4758 | D:5      | Entered Level 5 of the Dungeon
  4761 | D:5      | Noticed Sigmund
  4953 | D:5      | Killed Sigmund
  4966 | D:5      | Found Lyk Fixo's General Store.
  5019 | D:5      | Noticed Edmund
  5041 | D:5      | Reached XP level 8. HP: 41/64 MP: 10/12
  5054 | D:5      | Found a sand-covered staircase.
  5065 | D:5      | Reached ** piety under Makhleb
  5069 | Ossuary  | Entered an ossuary
  5652 | Ossuary  | Reached *** piety under Makhleb
  5847 | D:5      | Killed Edmund
  6215 | D:5      | Noticed Grinder
  6226 | D:5      | Paralysed by Grinder for 5 turns
  6228 | D:5      | Killed Grinder
  6228 | D:5      | Reached skill level 7 in Invocations
  6662 | D:5      | Found a snail-covered altar of Cheibriados.
  6674 | D:4      | Found an iron altar of Okawaru.
  6813 | D:5      | Got a shimmering leather armour
  6885 | D:5      | Gained mutation: You have very sharp fingernails. [demonic
                  | ancestry]
  6885 | D:5      | Reached XP level 9. HP: 69/71 MP: 12/14
  7726 | D:6      | Got a twisted leather armour
  7891 | D:7      | Found a staircase to the Ecumenical Temple.
  7940 | D:7      | Identified the cursed +1 leather armour "Sink" {Slay+4}
                  | (You found it on level 5 of the Dungeon)
  7943 | D:7      | Found a glowing golden altar of the Shining One.
  7977 | D:7      | Reached **** piety under Makhleb
  9280 | D:8      | Noticed a manticore
  9281 | D:8      | Noticed chaoswolf's ghost (novice DsBe)
  9289 | D:8      | Found a runed translucent gate.
  9289 | D:8      | Found a runed translucent gate.
  9291 | D:8      | Found a runed translucent gate.
  9342 | D:8      | Reached skill level 8 in Invocations
  9883 | D:8      | Gained mutation: You regenerate magic rapidly. [demonic
                  | ancestry]
  9883 | D:8      | Reached XP level 10. HP: 70/79 MP: 13/16
 10040 | D:8      | Found a staircase to the Lair.
 10208 | D:8      | Identified the +1 leather armour of Waextofa {Regen+ SInv}
                  | (You found it on level 6 of the Dungeon)
 10235 | D:8      | Noticed Grum
 10282 | D:8      | Killed Grum
 10814 | D:8      | Found a shimmering blue altar of Sif Muna.
 11068 | D:5      | Bought a potion of flight for 30 gold pieces
 11579 | D:9      | Found a staircase to the Orcish Mines.
 11930 | D:9      | Noticed Maurice
 11948 | D:9      | Killed Maurice
 11948 | D:9      | Reached skill level 9 in Invocations
 12129 | D:9      | Reached ***** piety under Makhleb
 12338 | D:9      | Found a bloodstained altar of Trog.
 13202 | D:10     | Entered Level 10 of the Dungeon
 13315 | D:10     | Reached XP level 11. HP: 76/86 MP: 14/18
 13390 | D:10     | You fall into a shaft and drop 2 floors!
 13425 | D:11     | Found a shadowy altar of Dithmenos.
 13472 | D:11     | Reached skill level 1 in Evocations
 13823 | D:11     | Paralysed by a hornet for 3 turns
 14266 | D:10     | Reached skill level 10 in Invocations
 14324 | D:10     | Killed an unseen horror
 14821 | D:10     | Found a glowing silver altar of Zin.
 15110 | D:11     | Noticed a brown ugly thing
 15124 | D:11     | Killed a brown ugly thing
 15777 | Lair:1   | Entered Level 1 of the Lair of Beasts
 15916 | Lair:1   | Found a runed translucent gate.
 16017 | Lair:1   | Noticed an ice dragon
 16028 | Lair:1   | Found a runed translucent gate.
 16028 | Lair:1   | Found a runed translucent gate.
 16029 | Lair:1   | Noticed ArcanElement's ghost (journeyman DEWz)
 17049 | Lair:2   | Found a gate leading to a gauntlet.
 17049 | Lair:2   | Found a staircase to the Snake Pit.
 17057 | Gauntlet | Entered a Gauntlet
 17057 | Gauntlet | Found a transporter.
 17057 | Gauntlet | Found a transporter.
 17057 | Gauntlet | Found a transporter.
 17057 | Gauntlet | Noticed a catoblepas
 17066 | Gauntlet | Found a transporter.
 17076 | Gauntlet | Found a transporter.
 17091 | Gauntlet | Found a transporter.
 17093 | Gauntlet | Found a large runed translucent door.
 17094 | Gauntlet | Found a large runed translucent door.
 17095 | Gauntlet | Found a large runed translucent door.
 17095 | Gauntlet | Found a large runed translucent door.
 17095 | Gauntlet | Found a runed translucent door.
 17095 | Gauntlet | Found a runed translucent door.
 17096 | Gauntlet | Found a large runed translucent door.
 17097 | Gauntlet | Found a large runed translucent door.
 17098 | Gauntlet | Found a large runed translucent door.
 17098 | Gauntlet | Found a large runed translucent door.
 17099 | Gauntlet | Found a runed translucent gate.
 17099 | Gauntlet | Found a runed translucent gate.
 17099 | Gauntlet | Found a runed translucent gate.
 17100 | Gauntlet | Noticed a death scarab
 17101 | Gauntlet | Found a transporter.
 17110 | Gauntlet | Found a large runed translucent door.
 17110 | Gauntlet | Found a large runed translucent door.
 17111 | Gauntlet | Found a large runed translucent door.
 17112 | Gauntlet | Found a large runed translucent door.
 17116 | Gauntlet | Found a transporter.
 17122 | Gauntlet | Found a transporter.
 17136 | Gauntlet | Found a transporter.
 17141 | Gauntlet | Found a transporter.
 17150 | Gauntlet | Found a transporter.
 17157 | Gauntlet | Found a large runed translucent door.
 17158 | Gauntlet | Found a large runed translucent door.
 17159 | Gauntlet | Found a large runed translucent door.
 17159 | Gauntlet | Found a large runed translucent door.
 17174 | Gauntlet | Noticed a wretched star
 17535 | Gauntlet | Reached skill level 1 in Spellcasting
 18134 | Gauntlet | Killed a death scarab
 18282 | Gauntlet | Noticed a minotaur
 18321 | Gauntlet | Killed a minotaur
 18698 | Lair:2   | Noticed an eight-headed hydra
 18713 | Lair:2   | Killed an eight-headed hydra
 18713 | Lair:2   | Gained mutation: You are powered by pain. [demonic
                  | ancestry]
 18713 | Lair:2   | Reached XP level 12. HP: 35/95 MP: 8/20
 18831 | Lair:2   | Reached skill level 11 in Invocations
 19354 | Lair:2   | Got a fine scale mail
 19764 | Lair:3   | Reached skill level 10 in Unarmed Combat
 20100 | Lair:3   | Found a staircase to the Shoals.
 20427 | Lair:3   | Reached skill level 10 in Fighting
 20735 | Lair:3   | Reached skill level 12 in Invocations
 20911 | Lair:3   | Found a shadowy altar of Dithmenos.
 22850 | Lair:4   | Reached ****** piety under Makhleb
 22883 | Lair:4   | Reached skill level 13 in Invocations
 23352 | Lair:4   | Reached XP level 13. HP: 89/104 MP: 22/22
 25060 | Lair:5   | Found a staircase to the Slime Pits.
 25061 | Lair:5   | Found a viscous altar of Jiyva.
 25104 | Lair:5   | Noticed Josephine
 25114 | Lair:5   | Killed Josephine
 25501 | Lair:6   | Entered Level 6 of the Lair of Beasts
 25505 | Lair:6   | Reached skill level 5 in Evocations
 25555 | Lair:6   | Reached skill level 14 in Invocations
 26010 | Lair:6   | Found a runed translucent door.
 26011 | Lair:6   | Noticed a fire dragon
 28033 | Lair:6   | Paralysed by a hornet for 2 turns
 28496 | Lair:6   | Killed a fire dragon
 28970 | Lair:6   | Reached skill level 15 in Invocations
 29493 | Lair:6   | Noticed a fire dragon
 29630 | Lair:6   | Killed a fire dragon
 30004 | D:8      | Killed chaoswolf's ghost
 30222 | D:12     | Found Tuoggulemm's Distillery.
 30225 | D:12     | Bought a potion of heal wounds for 50 gold pieces
 30554 | D:12     | Learned a level 1 spell: Animate Skeleton
 30699 | D:12     | Reached XP level 14. HP: 89/113 MP: 24/25
 31397 | D:12     | Reached skill level 1 in Necromancy
 32342 | D:13     | Found a flickering gateway to a bazaar.
 32368 | Bazaar   | Entered a bazaar
 32368 | Bazaar   | Found Fazuc's Weapon Boutique.
 32368 | Bazaar   | Found Geavuim's Weapon Boutique.
 32393 | Bazaar   | Found Ofunk's Antique Weapon Shop.
 32442 | Bazaar   | Found Yropsiga's Assorted Antiques.
 32532 | Bazaar   | Bought 5 datura-tipped darts for 24 gold pieces
 32532 | Bazaar   | Bought 6 atropa-tipped darts for 43 gold pieces
 32545 | Bazaar   | Bought 7 atropa-tipped darts for 42 gold pieces
 32567 | Bazaar   | Bought a scroll of remove curse for 48 gold pieces
 32567 | Bazaar   | Bought a scroll of identify for 32 gold pieces
 32567 | Bazaar   | Bought pearl dragon scales for 1600 gold pieces
 32979 | D:13     | Identified the +5 fustibalus of Reklir {freeze, rC++ Str+3}
                  | (You found it on level 13 of the Dungeon)
 34243 | D:13     | Found a gate to the Vaults.
 36563 | D:15     | Entered Level 15 of the Dungeon
 36608 | D:14     | Reached skill level 5 in Armour
 37182 | D:15     | Found a sacrificial altar of Ru.
 38182 | D:15     | Found an ancient bone altar of Kikubaaqudgha.
 38256 | D:15     | Found a staircase to the Depths.
 38448 | D:15     | Gained mutation: When low on magic, you restore magic in
                  | place of health. [demonic ancestry]
 38448 | D:15     | Reached XP level 15. HP: 113/122 MP: 26/26
 39362 | Orc:1    | Entered Level 1 of the Orcish Mines
 39510 | Orc:1    | Found a roughly hewn altar of Beogh.
 40077 | Orc:2    | Entered Level 2 of the Orcish Mines
 40259 | Orc:2    | Found a staircase to the Elven Halls.
 40336 | Orc:2    | Found Ithroecwu's Jewellery Boutique.
 40340 | Orc:2    | Found Uryop's Antique Armour Shoppe.
 40341 | Orc:2    | Found Lasihuta's Gadget Shop.
 40341 | Orc:2    | Found Ybbath's Weapon Shoppe.
 41230 | Orc:2    | Bought an uncursed ring of wizardry for 330 gold pieces
 41434 | D:5      | Bought a wand of clouds (3) for 210 gold pieces
 41434 | D:5      | Bought 2 potions of resistance for 200 gold pieces
 41434 | D:5      | Bought a scroll of teleportation for 30 gold pieces
 41434 | D:5      | Bought a potion of cancellation for 80 gold pieces
 41542 | Snake:1  | Entered Level 1 of the Snake Pit
 43055 | Snake:1  | You fall into a shaft and drop 1 floor!
 43313 | Snake:1  | Reached skill level 10 in Dodging
 45918 | Snake:2  | Slain by a shock serpent

Levels and vault maps discovered:
D:1:      minmay_arrival_shattered_statue, layout_loops_corners, minmay_bisected
D:2:      layout_loops_cross, lemuel_crystal_altar, marbit_many_paths,
          first_ration, kennysheep_generic_room_12, uniq_jessica
D:3:      layout_basic, ebering_dispersal_statue_hall, st_stairs_13
D:4:      lemuel_upstairs_altar, layout_cave_pools, elyvilon_altar_5,
          st_stairs_13, minmay_misc_feat_chi, lemuel_statue_altar
D:5:      layout_basic, basic_altar, nicolae_ossuary_entry_catacombs,
          serial_shops, shop, uniq_edmund, uniq_grinder, uniq_sigmund
D:6:      layout_loops_cross
D:7:      layout_basic, nicolae_tso_besieged_by_evil,
          minmay_temple_entry_statues_fountains, chequers_serial_rivers_micro_b,
          minmay_misc_feat_iff
D:8:      layout_basic, lemuel_coloured_pillars_altar,
          due_lair_maze_entry_diamond, gammafunk_ghost_split, water_maze_lemuel,
          uniq_grum
D:9:      layout_long_grid, kennysheep_little_box, orc_0_dummy,
          hangedman_little_slice_of_home, uniq_maurice
D:10:     layout_long_grid, basic_altar, kennysheep_nondescript, minmay_holes
D:11:     layout_cave_pods, nicolae_dithmenos_shadow_blocks
D:12:     layout_irregular_city, serial_shops, kennysheep_mini_moat
D:13:     layout_stronghold, hangedman_vaults_entry_quadrant_bands,
          serial_shops, bzr_firewalk, minmay_misc_feat_more_columns,
          kennysheep_generic_room_10
D:14:     layout_basic, serial_park_gazebo [serial_park_minivault_5x5_6]
D:15:     gammafunk_depths_entry_grave, layout_rooms, basic_altar,
          lemuel_tele_altar, minmay_pinched_square
Lair:1:   layout_regular_city, gammafunk_ghost_icy, grunt_megastairs_4
Lair:2:   layout_roguey, dummy_snake_entry, gauntlet_entry_generic,
          chequers_serial_rivers_room_b, lemuel_fruit_fields
Lair:3:   layout_loops_ring, minmay_shoals_entry_lonely_mermaid, basic_altar,
          bobbens_dragon_lair_wall
Lair:4:   layout_small_grid, st_stairs_3, nicolae_quartered_pool_little
Lair:5:   layout_misc_corridors, slime_altar_1, infiniplex_staircase_pool_2,
          uniq_josephine
Lair:6:   wormcave, layout_loops_ring, guppyfry_lair_end_dragon, st_stairs_8,
          minivault_11
Snake:1:  layout_grid_shapes, lemuel_fruit_tree
Snake:2:  layout_layer_cave, grunt_ministairs_5, nicolae_coiled_stairwell_up
Orc:1:    layout_diamond_mine, basic_altar
Orc:2:    st_orc_ogre_mass, layout_diamond_mine

Skill      XL: |  1  2  3  4  5  6  7  8  9 10 11 12 13 14 15 |
---------------+----------------------------------------------+-----
Throwing       | 2 5 |  5.0
Axes           | 3 |  3.6
Dodging        | 3 6 7 8 9 10 | 10.0
Fighting       | 3 5 6 7 8 9 10 11 12 13 | 13.3
Unarmed Combat | 5 6 7 8 9 10 11 13 14 | 14.5
Invocations    | 5 6 7 8 9 10 13 15 | 15.0
Armour         | 1 2 4 5 7 |  7.5
Evocations     | 4 6 7 |  7.0
Spellcasting   | 3 4 |  4.0
Necromancy     | 2 |  2.0

Action                   |  1- 3 |  4- 6 |  7- 9 | 10-12 | 13-15 || total
-------------------------+-------+-------+-------+-------+-------++-------
Melee: War axe           |   102 |   135 |   200 |       |       ||   437
       Unarmed           |       |    75 |   429 |   816 |  1430 ||  2750
       Punch             |       |     2 |    24 |    43 |     6 ||    75
       Whip              |       |       |       |       |    27 ||    27
 Fire: Fustibalus        |       |       |       |       |    24 ||    24
Throw: Stone             |     5 |     3 |    51 |       |     5 ||    64
       Throwing net      |       |     4 |     3 |       |     5 ||    12
       Dart              |       |     3 |    10 |    58 |   104 ||   175
       Boomerang         |       |       |       |       |    19 ||    19
       Javelin           |       |       |       |       |     4 ||     4
Invok: Minor Destruction |       |       |     3 |     5 |     1 ||     9
       Lesser Servant of |       |       |     4 |     9 |    31 ||    44
       Greater Servant o |       |       |       |     1 |     2 ||     3
       Major Destruction |       |       |       |       |     4 ||     4
Evoke: Wand              |       |       |       |    36 |    63 ||    99
  Use: Scroll            |       |     4 |     9 |    20 |    26 ||    59
       Potion            |       |     1 |       |    10 |     4 ||    15
 Stab: Held in net/web   |       |     1 |       |       |     2 ||     3
       Paralysed         |       |       |       |     3 |     6 ||     9
       Distracted        |       |       |       |     3 |     7 ||    10
  Eat: Chunk             |     1 |     9 |    16 |    28 |    36 ||    90
       Ration            |       |       |     1 |     4 |    11 ||    16
Armor: Leather armour    |    44 |     7 |    33 |   209 |   143 ||   436
       Ring mail         |       |    92 |   237 |       |       ||   329
       Steam dragon scal |       |       |       |    17 |       ||    17
       Pearl dragon scal |       |       |       |       |   428 ||   428
       Swamp dragon scal |       |       |       |       |   102 ||   102
Dodge: Dodged            |   100 |   175 |   507 |   664 |   647 ||  2093
Block: Other             |       |       |    45 |       |       ||    45
       Reflection        |       |       |     1 |       |       ||     1
       Large shield      |       |       |       |       |   794 ||   794

Table legend:
 A = Non-vault XP
 B = Vault XP
 C = Vault XP percentage of total XP
 D = Non-vault monster count
 E = Vault monster count
 F = Vault count percentage of total count
                 A         B        C        D         E       F
            +---------+---------+-------+---------+---------+-------
      Total |   95570 |   57192 |  37.4 |     631 |     252 |  28.5
            +---------+---------+-------+---------+---------+-------
        D:1 |      44 |      41 |  48.2 |      26 |       3 |  10.3
        D:2 |     132 |       1 |   0.8 |      28 |       1 |   3.4
        D:3 |     227 |       3 |   1.3 |      31 |       2 |   6.1
        D:4 |     306 |      71 |  18.8 |      15 |       2 |  11.8
        D:5 |     685 |     789 |  53.5 |      22 |       9 |  29.0
        D:6 |     882 |       0 |   0.0 |      23 |       0 |   0.0
        D:7 |     860 |      53 |   5.8 |      18 |      15 |  45.5
        D:8 |    2092 |    2916 |  58.2 |      36 |      16 |  30.8
        D:9 |    1875 |     615 |  24.7 |      33 |       9 |  21.4
       D:10 |    2566 |       0 |   0.0 |      39 |       0 |   0.0
       D:11 |    2852 |       0 |   0.0 |      31 |       0 |   0.0
       D:12 |    5425 |       0 |   0.0 |      28 |       0 |   0.0
       D:13 |    3204 |    7939 |  71.2 |      27 |      18 |  40.0
       D:14 |    8950 |       0 |   0.0 |      30 |       0 |   0.0
       D:15 |    7498 |   10207 |  57.7 |      20 |      23 |  53.5
     Lair:1 |    1052 |     480 |  31.3 |       6 |       2 |  25.0
     Lair:2 |    3895 |       0 |   0.0 |      15 |       0 |   0.0
     Lair:3 |    3124 |    3184 |  50.5 |       9 |      17 |  65.4
     Lair:4 |    7739 |     484 |   5.9 |      36 |       1 |   2.7
     Lair:5 |    5461 |    1584 |  22.5 |      20 |       4 |  16.7
     Lair:6 |    4755 |   10350 |  68.5 |      18 |      33 |  64.7
    Snake:1 |   21309 |    1182 |   5.3 |      42 |       2 |   4.5
    Snake:2 |    4407 |     422 |   8.7 |      11 |       2 |  15.4
      Orc:1 |    2752 |       0 |   0.0 |      22 |       0 |   0.0
      Orc:2 |    2735 |   13430 |  83.1 |      43 |      43 |  50.0
    Ossuary |       0 |     281 | 100.0 |       0 |      38 | 100.0
   Gauntlet |     743 |    3160 |  81.0 |       2 |      12 |  85.7
            +---------+---------+-------+---------+---------+-------
